nyob, lawful male human Priest --- --- ----- --- --.----.-- --.|.| |.-----........---- |.<.)| |.................| ---.-- --.)..............-- ---.@.| --%.--.........(..--- |.dY----- |.---..............|---...||..| |.|............)...|......--..| |..|...--.*...........|.......--- |.---..|---..........---^.......--- |.| ---- --...*.-------..........-- |.--- ---...| |.............| |...| --...-----.--.........-- ---.--- |.....--...||..).....-| |...| --)......---|...).....| ---.--- --.....).-- --........| -------...-----.........----......--- ..%...............).......|...)...| ---------...----.....--.......).--- --.-- ---.---------.|..| --- --- ------ nyob the Adept Experience level: 7 Strength: 13 Dexterity: 13 Constitution: 13 Intelligence: 12 Wisdom: 18 Charisma: 9 Health: 0(55) Energy: 108(108) Def: 11 Gold: 30 Moves: 3754 Dungeon seed: OAnUX6tvFAhDF-2Q Game ID: nyob_1522433868 Your Inventory: Coins $ - 30 gold pieces Weapons a - a blessed greased rusty +1 mace (weapon in hand) Armor e - a +1 robe (being worn) n - a +0 small shield (being worn) r - a +0 orcish helm (being worn) z - a +0 pair of high boots (being worn) L - a +0 scale mail (being worn) Comestibles c - 2 cloves of garlic d - a sprig of wolfsbane Scrolls o - a scroll of taming A - 2 scrolls of create monster Spellbooks f - a spellbook of remove curse g - a spellbook of healing Potions b - 4 potions of holy water Rings h - a ring of shock resistance p - a ring of levitation H - a ring of poison resistance Wands Q - a wand of teleportation named unknown (0:4) Tools j - a magic marker (0:63) s - a wooden harp B - a blessed brass lantern (lit) (0:1012) K - a skeleton key Gems m - an amethyst stone q - 2 worthless pieces of yellowish brown glass t - 3 worthless pieces of red glass y - 2 worthless pieces of black glass N - 4 worthless pieces of white glass P - a garnet stone U - a fluorite stone Y - a jasper stone Spells and supernatural/magical abilities: Name Level Category Fail Memory h - healing 1 healing 49% 82% m - magic missile 2 attack 96% 89% r - remove curse 3 clerical 25% 82% W - pray for help -- divine ? -- X - turn undead -- divine ? -- Your skills at the end: Fighting Skills Weapon Skills mace [Expert] Spellcasting Skills healing spells [Basic] clerical spells [Basic] Final Attributes: You were piously aligned. You saw invisible. You were held by an owlbear. You are dead. Vanquished creatures: a giant mimic a large mimic a giant spider 3 gnome kings a lizard a fire ant a rock mole 2 ponies 2 fog clouds a shrieker a violet fungus 6 gnome lords 3 gnomish wizards a black naga hatchling a gray ooze 2 little dogs a floating eye a kitten a dwarf a homunculus a kobold lord a kobold shaman 2 hill orcs a rabid rat a centipede a giant bat a monkey 2 orc zombies 2 iguanas an acid blob 6 giant rats 33 gnomes 5 jackals a fox a goblin 4 sewer rats 6 grid bugs 4 bats 5 lichens a kobold zombie 3 newts 114 creatures vanquished. Voluntary challenges: You used a wielded weapon 190 times, starting on turn 3. You read items or engraved 9 times, starting on turn 307. You never genocided any monsters. You never polymorphed an object. You never changed form. You used no wishes. You never split a pudding. You never wrote Elbereth's name. You violated your moral code, losing 2 points of alignment, starting on turn 1496. Dungeon overview: The Dungeons of Doom: levels 1 to 2 Level 1 a long staircase Level 2 a general store, a fountain stairs to The Gnomish Mines The Gnomish Mines: levels 3 to 7 Level 3 stairs to The Dungeons of Doom Level 4 Level 5 many shops, a temple to Anshar, some fountains Level 6 Level 7 <- You were here History has recorded: On T:1 you entered the Dungeons of Doom to retrieve the Amulet of Yendor! On T:409 you reached level 2 of The Dungeons of Doom. On T:412 you advanced to experience level 2. On T:923 you reached level 1 of The Gnomish Mines. On T:926 you advanced to experience level 3. On T:1138 you advanced to experience level 4. On T:1522 you advanced to experience level 5. On T:1651 you reached level 2 of The Gnomish Mines. On T:2247 you reached level 3 of The Gnomish Mines. On T:2274 you advanced to experience level 6. On T:2854 you advanced to experience level 7. On T:3093 you reached level 4 of The Gnomish Mines. On T:3305 you reached level 5 of The Gnomish Mines. Score breakdown: Gold: 30 ( 5073 points) Experience: 7 levels (13645 points) Exploration: 7 levels ( 14.58%) (10718 points) Discoveries: 13 items ( 4.38%) ( 6276 points) Valuables value: (no points given unless you survive) Artifact value: 0 ( 0 points) Variety of kills: 41 monsters ( 10.76%) ( 9841 points) Turncount: 3754 turns ( -931 points) Survival: died (score multiplied by 80%) Total score: 35697 Latest messages: The owlbear just misses! The owlbear hits! The owlbear misses. The owlbear just misses! The owlbear misses. (2x) The owlbear hits! The owlbear misses. The owlbear hits! The owlbear misses. The owlbear just misses! The owlbear misses. The owlbear hits! The owlbear misses. The owlbear hits! The owlbear misses. The owlbear hits! (3x) The owlbear grabs you! The owlbear misses. The owlbear hits! You are being crushed. The owlbear misses. (2x) You are being crushed. The owlbear hits! The owlbear misses. You are being crushed. You die... Final status: Goodbye nyob the Priest, killed by an owlbear... You died in The Gnomish Mines on dungeon level 7 with 35697 points, and 30 pieces of gold, after 3754 moves. You were level 7 with a maximum of 55 hit points when you died.